 Dungeon Crawl Stone Soup version 0.28.0-53-g5a82cb258f (console) character file.

Game seed: 8745831299505054961

26084 Banquo the Blocker (level 13, -2/71 HPs)
             Began as a Gargoyle Fighter on Aug 1, 2022.
             Was an Elder of Hepliaklqana.
             Slain by a minotaur
             ... wielding a +5 vorpal dire flail
              (8 damage)
             ... in a Gauntlet on Aug 2, 2022.
             The game lasted 01:19:51 (13949 turns).

Banquo the Blocker (Gargoyle Fighter)              Turns: 13949, Time: 01:19:52

Health: -2/71      AC: 25    Str: 21    XL:     13   Next: 23%
Magic:  17/17      EV: 13    Int:  9    God:    Hepliaklqana [****..]
Gold:   677        SH: 14    Dex: 17    Spells: 12/12 levels left

rFire   + + +      SeeInvis +   a - +0 war axe (flame)
rCold   + . .      Faith    .   i - +1 kite shield
rNeg    + . .      Spirit   .   d - +0 leather armour of the Disturbing Violins {rF+ Regen+ Dex+4}
rPois   ∞          Reflect  .   h - +2 helmet {SInv}
rElec   +          Harm     .   e - +0 cloak
rCorr   +          Rampage  .   g - +0 pair of gloves "Suzaiza" {rF+ Stlth+}
Will    .....      NoTele   +   j - +0 pair of boots "Xeikoiko" {-Tele rF++ Regen+ rCorr}
Stlth   ++........              w - amulet of the acrobat
HPRegen 1.81/turn               C - ring of protection from cold
MPRegen 0.15/turn               A - +4 ring of protection

@: studying Shields, unable to read
A: reduced essence, sickness immunity, AC +9, negative energy resistance 1,
electricity resistance, torment resistance 1, petrification resistance,
inability to read while threatened
a: Renounce Religion, Recall Ancestor, Ancestor Identity, Transference, Idealise


You were in a Gauntlet.
You worshipped Hepliaklqana.
Hepliaklqana was greatly pleased with you.
You visited 3 branches of the dungeon, and saw 13 of its levels.
You also visited: Sewer, Bailey and Gauntlet.

You collected 677 gold pieces.

Inventory:

Hand Weapons
 a - a +0 war axe of flaming (weapon)
 b - a +1 spear of venom
 p - a +1 vorpal trident
 z - the +8 storm bow {elec, penet}
   (You found it in a Gauntlet)

   Any ammunition fired from it occasionally discharges a powerful burst of
   electricity upon striking a foe.
   Any ammunition fired by it passes through the targets it hits, potentially
   hitting all targets in its path until it reaches maximum range.
 E - the +4 hand crossbow of Welfare {penet, +Blink rF- rC+++ Will-}
   (You found it on level 9 of the Dungeon)

   Any ammunition fired by it passes through the targets it hits, potentially
   hitting all targets in its path until it reaches maximum range.
   rF:        It makes you vulnerable to fire.
   rC:        It renders you almost immune to cold.
   +Blink:    It lets you blink.
   Will:      It decreases your willpower.
 G - a +5 hunting sling of flaming
Missiles
 o - 5 boomerangs
 q - 149 sling bullets
 y - 415 stones (quivered)
 N - 35 bolts
Armour
 d - the +0 leather armour of the Disturbing Violins (worn) {rF+ Regen+ Dex+4}
   (You found it on level 3 of the Dungeon)

   Dex:       It affects your dexterity (+4).
   rF:        It protects you from fire.
   Regen:     It increases your rate of health regeneration.
 e - a +0 cloak (worn)
 f - a +0 pair of boots
 g - the +0 pair of gloves "Suzaiza" (worn) {rF+ Stlth+}
   (You found it in a Gauntlet)

   rF:        It protects you from fire.
   Stlth:     It makes you more stealthy.
 h - a +2 helmet of see invisible (worn)
 i - a +1 kite shield (worn)
 j - the +0 pair of boots "Xeikoiko" (worn) {-Tele rF++ Regen+ rCorr}
   (You found it in a Gauntlet)

   rF:        It greatly protects you from fire.
   -Tele:     It prevents most forms of teleportation.
   Regen:     It increases your rate of health regeneration.
   rCorr:     It protects you from acid and corrosion.
 F - a +2 pair of gloves of stealth
Magical Staves
 m - a staff of fire
Jewellery
 l - a ring of protection from fire
 w - an amulet of the acrobat (around neck)
 A - a +4 ring of protection (right hand)
 C - a ring of protection from cold (left hand)
 J - an amulet of regeneration
 R - a ring of resist corrosion
Wands
 t - a wand of acid (11)
Scrolls
 x - a scroll of magic mapping {unknown}
 D - a scroll of fog
 P - 4 scrolls of blinking
 S - a scroll of summoning
Potions
 c - 2 potions of magic
 k - 2 potions of flight
 n - 2 potions of curing {unknown}
 r - a potion of mutation
 s - 2 potions of might
 u - 2 potions of lignification {unknown}
 v - 3 potions of cancellation {unknown}
 B - a potion of resistance
 L - a potion of berserk rage {unknown}


   Skills:
 * Level 8.6 Fighting
 * Level 13.8 Axes
 * Level 9.0 Armour
 + Level 4.3 Dodging
 * Level 13.9 Shields
 * Level 6.2 Invocations


You had 12 spell levels left.
You didn't know any spells.
Your spell library contained the following spells:

 Spells                   Type           Power      Damage    Failure   Level
 Shock                    Conj/Air       0%         1d3       65%         1
 Summon Small Mammal      Summ           0%         N/A       65%         1
 Poisonous Vapours        Pois/Air       0%         N/A       78%         2
 Static Discharge         Conj/Air       0%         N/A       78%         2
 Confusing Touch          Hex            0%         N/A       95%         3
 Gell's Gravitas          Tloc           0%         N/A       95%         3
 Ozocubu's Armour         Ice            0%         N/A       95%         3
 Portal Projectile        Hex/Tloc       0%         N/A       95%         3
 Summon Guardian Golem    Hex/Summ       0%         N/A       95%         3
 Swiftness                Air            0%         N/A       95%         3
 Teleport Other           Tloc           0%         N/A       95%         3
 Airstrike                Air            0%         N/A       100%        4
 Dispel Undead            Necr           0%         3d6       100%        4
 Petrify                  Tmut/Erth      0%         N/A       100%        4
 Sticky Flame             Conj/Fire      0%         2d3       100%        4
 Summon Ice Beast         Ice/Summ       0%         N/A       100%        4
 Summon Lightning Spire   Summ/Air       0%         N/A       100%        4
 Blade Hands              Tmut           0%         N/A       100%        5
 Excruciating Wounds      Necr           0%         N/A       100%        5
 Irradiate                Conj/Tmut      0%         3d13      100%        5
 Metabolic Englaciation   Hex/Ice        0%         N/A       100%        5
 Summon Mana Viper        Hex/Summ       0%         N/A       100%        5
 Yara's Violent Unravell  Hex/Tmut       0%         3d3       100%        5
 Dispersal                Tloc           0%         N/A       100%        6
 Simulacrum               Ice/Necr       0%         N/A       100%        6
 Summon Cactus Giant      Summ           0%         N/A       100%        6
 Enfeeble                 Hex            0%         N/A       100%        7
 Monstrous Menagerie      Summ           0%         N/A       100%        7
 Spellforged Servitor     Conj/Summ      0%         N/A       100%        7
 Sublimation of Blood     Necr           Unusable   N/A       N/A         2
 Statue Form              Tmut/Erth      Unusable   N/A       N/A         6

Dungeon Overview and Level Annotations

Branches:
Dungeon (11/15)            Temple (1/1) D:6            Lair (1/6) D:11
    Orc (0/2) D:11          Sewer (visited)          Bailey (visited)
Gauntlet (1/1)

Altars:
Ashenzari
Cheibriados
Dithmenos
Elyvilon
Fedhas
Gozag
Hepliaklqana
Kikubaaqudgha
Makhleb
Nemelex Xobeh
Okawaru
Qazlal
Ru
Sif Muna
Trog
Uskayaw
Vehumet
Wu Jian
Xom
Yredelemnul
Zin
The Shining One

Annotations:
Gauntlet 6 transporters, 2 runed translucent doors


Innate Abilities, Weirdness & Mutations

Your life essence is reduced to manifest your ancestor. (-10% HP)
You are immune to sickness and miasma.
Your stone body is resilient. (AC +9)
You are immune to poison.
You resist negative energy. (rN+)
You are resistant to electric shocks. (rElec)
You are resistant to unholy torment.
You are immune to petrification.
You sometimes lose the ability to read scrolls when taking damage.


Message History

The minotaur moves out of view.
Found a shiny copper wand.
Found a gate leading back out of this place.
Unknown command.
The minotaur throws a javelin.
The javelin completely misses you.
You close the door.
Something unseen breaks down the door.
You hit the minotaur. You burn the minotaur.
The minotaur is lightly wounded.
The minotaur hits you with a +5 vorpal dire flail!
You block the minotaur's attack.
Synnove barely misses the minotaur.
You barely miss the minotaur.
The minotaur furiously retaliates!
The minotaur headbutts you.
The minotaur is lightly wounded.
The minotaur barely misses you.
The minotaur gores you but does no damage.
You completely miss the minotaur.
The minotaur furiously retaliates!
The minotaur headbutts you, but does no damage.
The minotaur is lightly wounded.
Synnove completely misses the minotaur.
The minotaur hits you with a +5 vorpal dire flail!!
You feel threatened and lose the ability to read scrolls!
The minotaur gores you!
You feel much better.
Synnove hits the minotaur with a +0 flail.
The minotaur hits you but does no damage.
You block the minotaur's attack.
Okay, then.
Unknown command.
You hit the minotaur. You burn the minotaur.
The minotaur is lightly wounded.
Synnove hits the minotaur but does no damage.
The minotaur hits you with a +5 vorpal dire flail!
The minotaur misses you.
You hit the minotaur but do no damage.
The minotaur is lightly wounded.
Synnove hits the minotaur with a +0 flail.
The minotaur hits you with a +5 vorpal dire flail!!
* * * LOW HITPOINT WARNING * * *
You die...

##.#.≈≈#.8.#######
.).#.≈##...##....#
..§#.###.8.##.##.#
.).#..##......##.#
##.#...#.8.##.##.# #
...#.∩.#...##....#.# ≈#
####...#.©.##.##.#.#.≈≈#
.....8.#......##RH...∩≈#
####...#.©.##.##@#.#.≈≈#
W###.∩.#...##....#.# ≈#
#..#...#.8.##.##.# #
#.!#..##......##.#
.#©#.###.8.##. #.#
.#=#.≈##...# ..#
##)#.≈≈# ### .W##.≈##
####.##


You could see the friendly Synnove the knight and a minotaur (ally target).

Vanquished Creatures
  A boulder beetle (D:11)
  A catoblepas (Gauntlet)
  2 hydras
  An orc knight (Bailey)
  A shining eye (Gauntlet)
  2 centaur zombies
  A cyclops (D:10)
  A gargoyle (Gauntlet)
  A molten gargoyle (Gauntlet)
  A torpor snail (Gauntlet)
  Maggie (D:8)
  A cane toad (Lair:1)
  2 kobold demonologists (D:9)
  3 trolls
  Prince Ribbit (D:8)
  A meliai zombie (D:11)
  2 shadows (D:9)
  2 wraiths
  3 wyverns
  14 yaks
  Grum (D:8)
  An acid dragon (D:9)
  Duvessa (D:4)
  A water moccasin (D:7)
  A floating eye (Gauntlet)
  8 orc warriors
  3 sky beasts
  A black bear (Lair:1)
  A hornet zombie (D:7)
  7 wolves
  2 ogres
  8 centaurs
  A phantom (D:5)
  A lemure (D:7)
  6 kobold brigands
  2 bullfrogs
  A gnoll sergeant (D:3)
  2 scorpions
  A wyvern skeleton (D:7)
  Dowan (D:4)
  A water moccasin skeleton (D:5)
  8 wights
  2 electric eels (D:11)
  2 howler monkeys (D:9)
  A bullfrog zombie (D:7)
  6 jellies
  A centaur skeleton (D:7)
  5 orc priests
  7 hounds
  An iron imp (D:8)
  An iguana (D:6)
  9 orc wizards
  A hound skeleton (D:2)
  2 howler monkey zombies
  A howler monkey skeleton (D:4)
  7 adders
  17 gnolls
  A river rat (Sewer)
  2 shadow imps
  2 white imps
  An ufetubus (D:5)
  A worm (Sewer)
  A dart slug (D:4)
  41 orcs
  13 ball pythons
  15 endoplasms
  8 giant cockroaches
  22 goblins
  10 hobgoblins
  7 jackals
  3 quokkas
  5 bats
  A frilled lizard (D:2)
  8 kobolds
  6 rats
311 creatures vanquished.

Vanquished Creatures (collateral kills)
  Snorg (D:10)
  2 hydras
  3 two-headed ogres (D:11)
  The ghost of Jerry the Fighter, a journeyman VSFi of Uskayaw (D:9)
  Pikel (D:7)
  Joseph (D:7)
  Psyche (D:8)
  2 dream sheep (D:8)
  2 vampires
  11 yaks
  A basilisk (Lair:1)
  A water moccasin (Lair:1)
  5 orc warriors
  6 wolves
  2 centaurs (D:9)
  8 kobold brigands
  2 bullfrogs (Lair:1)
  5 wights
  2 electric eels (D:11)
  A centaur zombie (D:9)
  3 hounds (D:11)
  An orc wizard (D:9)
  2 gnolls
  3 orcs
  3 goblins (Bailey)
  2 kobolds (D:10)
72 creatures vanquished.

Vanquished Creatures (others)
  A hound (D:4)
  8 ancestors
  An endoplasm (D:4)
  2 fungi
  7 plants
19 creatures vanquished.

Grand Total: 402 creatures vanquished

Notes
Turn   | Place    | Note
-------+----------+-------------------------------------------
     0 | D:1      | Banquo the Gargoyle Fighter began the quest for the Orb.
     0 | D:1      | Reached XP level 1. HP: 14/14 MP: 1/1
   709 | D:1      | Reached XP level 2. HP: 16/19 MP: 2/2
   937 | D:1      | Found a faded altar of an unknown god.
  1904 | D:2      | Reached XP level 3. HP: 23/23 MP: 3/3
  1935 | D:2      | Found an ornate altar of the Wu Jian Council.
  2323 | D:2      | Reached XP level 4. HP: 25/28 MP: 4/4
  2514 | D:3      | Noticed a gnoll sergeant
  2599 | D:3      | Noticed a scorpion
  2610 | D:3      | Killed a scorpion
  2611 | D:3      | Reached XP level 5. HP: 30/32 MP: 5/5
  2694 | D:3      | Identified the +0 leather armour of the Disturbing Violins
                  | {rF+ Regen+ Dex+4}
  3071 | D:3      | Found a white marble altar of Elyvilon.
  3071 | D:3      | Found a faded altar of an unknown god.
  3077 | D:3      | Found an ancient bone altar of Kikubaaqudgha.
  3079 | D:3      | Found an ornate altar of the Wu Jian Council.
  3092 | D:3      | Found a faded altar of an unknown god.
  3290 | D:3      | HP: 1/32 [gnoll sergeant/+1 vorpal trident (1)]
  3392 | D:3      | Reached skill level 5 in Axes
  3392 | D:3      | Reached XP level 6. HP: 28/37 MP: 6/6
  3453 | D:3      | Found a white marble altar of Elyvilon.
  3453 | D:3      | Found a faded altar of an unknown god.
  3460 | D:3      | Found an ancient bone altar of Kikubaaqudgha.
  3462 | D:3      | Found an ornate altar of the Wu Jian Council.
  3464 | D:3      | Found a faded altar of an unknown god.
  3707 | D:4      | Noticed Duvessa
  4048 | D:4      | Noticed Dowan
  4063 | D:4      | Killed Duvessa
  4064 | D:4      | Reached XP level 7. HP: 20/41 MP: 7/7
  4080 | D:4      | Killed Dowan
  4377 | D:5      | Entered Level 5 of the Dungeon
  4490 | D:5      | Found a glowing drain.
  4508 | Sewer    | Entered a sewer
  4634 | Sewer    | Reached skill level 1 in Dodging
  4681 | Sewer    | Found a viscous altar of Jiyva.
  4822 | D:5      | Identified the ring of Dil Guwa {rElec Int+6}
  4866 | D:5      | Reached XP level 8. HP: 45/48 MP: 8/8
  5041 | D:5      | Reached skill level 5 in Shields
  5754 | D:6      | Found a staircase to the Ecumenical Temple.
  5768 | D:6      | Reached skill level 5 in Armour
  5785 | Temple   | Entered the Ecumenical Temple
  6011 | Temple   | Became a worshipper of Hepliaklqana the Forgotten
  6242 | D:6      | Reached XP level 9. HP: 52/52 MP: 9/9
  6302 | D:6      | Got Cast's Reference Book on Calling
  6714 | D:7      | Found a flagged portal.
  6738 | Bailey   | Entered a bailey
  6828 | Bailey   | Noticed an orc knight
  6861 | Bailey   | Killed an orc knight
  6986 | Bailey   | Reached * piety under Hepliaklqana
  7204 | Bailey   | Reached skill level 5 in Fighting
  7481 | Bailey   | Reached XP level 10. HP: 53/53 MP: 10/10
  7499 | Bailey   | Noticed an orc warlord
  7545 | Bailey   | Acquired a manual of Shields
  7602 | Bailey   | Noticed an orc knight
  7885 | D:7      | Reached skill level 1 in Invocations
  7954 | D:7      | Noticed Joseph
  7955 | D:7      | Noticed Pikel
  8030 | D:8      | Found a snail-covered altar of Cheibriados.
  8046 | D:8      | Reached skill level 10 in Axes
  8074 | D:8      | Noticed Prince Ribbit
  8080 | D:8      | Killed Prince Ribbit
  8245 | D:8      | Noticed Maggie
  8542 | D:8      | Noticed Psyche
  8611 | D:8      | Reached ** piety under Hepliaklqana
  8612 | D:8      | Remembered your ancestor Synnove as a knight
  8824 | D:8      | Killed Psyche
  8998 | D:7      | Got Laxol's Handbook of the Vitriolic Entourage
  9408 | D:7      | Killed Joseph
  9433 | D:7      | Killed Pikel
  9434 | D:7      | Reached skill level 10 in Shields
  9434 | D:7      | Reached XP level 11. HP: 57/57 MP: 13/13
  9767 | D:8      | Noticed Grum
  9770 | D:8      | Killed Grum
  9799 | D:8      | Noticed a three-headed hydra
  9806 | D:8      | Killed a three-headed hydra
  9927 | D:8      | Killed Maggie
 10082 | D:9      | You fall into a shaft and drop 2 floors!
 10082 | D:11     | Found a staircase to the Orcish Mines.
 10092 | D:11     | Noticed a boulder beetle
 10130 | D:11     | Noticed a two-headed ogre
 10137 | D:11     | Noticed a two-headed ogre
 10140 | D:11     | Killed a two-headed ogre
 10160 | D:11     | Killed a two-headed ogre
 10252 | D:11     | Noticed a two-headed ogre
 10259 | D:11     | Killed a two-headed ogre
 10391 | D:11     | Reached *** piety under Hepliaklqana
 10460 | D:11     | Noticed a six-headed hydra
 10510 | D:11     | Killed a three-headed hydra
 10557 | D:11     | Found a staircase to the Lair.
 10639 | D:10     | Entered Level 10 of the Dungeon
 10844 | D:9      | Found a runed translucent gate.
 10844 | D:9      | Found a runed translucent gate.
 10844 | D:9      | Found a runed translucent gate.
 10845 | D:9      | Noticed Jerry's ghost (journeyman VSFi)
 10879 | D:9      | Reached XP level 12. HP: 59/63 MP: 15/15
 10908 | D:9      | Noticed an eight-headed hydra
 10970 | D:9      | Killed a four-headed hydra
 11128 | D:9      | Found a hide-covered altar of Uskayaw.
 11128 | D:9      | Found a glowing silver altar of Zin.
 11128 | D:9      | Found a shimmering altar of Xom.
 11129 | D:9      | Found a blossoming altar of Fedhas.
 11269 | D:9      | Reached skill level 5 in Invocations
 11335 | D:9      | Found a shadowy altar of Dithmenos.
 11434 | D:9      | Identified the +4 hand crossbow of Welfare {penet, +Blink
                  | rF- rC+++ Will-}
 11711 | D:9      | Killed Jerry's ghost
 11918 | D:10     | Reached **** piety under Hepliaklqana
 12010 | D:10     | Noticed Snorg
 12020 | D:10     | Killed Snorg
 13079 | D:11     | Killed a boulder beetle
 13394 | Lair:1   | Entered Level 1 of the Lair of Beasts
 13628 | Lair:1   | Reached XP level 13. HP: 70/70 MP: 17/17
 13654 | Lair:1   | Found a gate leading to a gauntlet.
 13679 | Gauntlet | Entered a Gauntlet
 13679 | Gauntlet | Found a transporter.
 13679 | Gauntlet | Found a runed translucent door.
 13679 | Gauntlet | Found a transporter.
 13690 | Gauntlet | Found a transporter.
 13691 | Gauntlet | Found a transporter.
 13702 | Gauntlet | Found a transporter.
 13703 | Gauntlet | Found the +8 storm bow {elec, penet}
 13705 | Gauntlet | Found a transporter.
 13717 | Gauntlet | Found a transporter.
 13733 | Gauntlet | Found a transporter.
 13737 | Gauntlet | Found a transporter.
 13757 | Gauntlet | Found a transporter.
 13772 | Gauntlet | Found a transporter.
 13773 | Gauntlet | Found a transporter.
 13780 | Gauntlet | Found a runed translucent door.
 13829 | Gauntlet | Identified the +0 pair of boots "Xeikoiko" {-Tele rF++
                  | Regen+ rCorr}
 13867 | Gauntlet | Gained mutation: You sometimes lose the ability to read
                  | scrolls when taking damage. [a shining eye]
 13907 | Gauntlet | Identified the +0 pair of gloves "Suzaiza" {rF+ Stlth+}
 13936 | Gauntlet | Identified the ring "Laiseuga" {rC+ rN+ Int+3 Dex-4}
 13936 | Gauntlet | Noticed a minotaur
 13949 | Gauntlet | Slain by a minotaur

Illustrated notes

Levels and vault maps discovered:
D:1:      eino_arrival_cavern_b, layout_basic,
          shapermc_ecumenical_altar_mp_highgroup, grunt_decor_cap
D:2:      layout_basic, basic_altar
D:3:      layout_rooms, chequers_temple_overflow_minitemple,
          corexii_leaking_fountain
D:4:      layout_cave_pools, lemuel_old_faithful, uniq_duvessa
D:5:      layout_basic, portal_sewer_entry_b, st_stairs_4
D:6:      layout_loops_ring, minmay_temple_entry_statues_pillars,
          serial_bayou_crossing
D:7:      layout_basic, enter_bailey_3, uniq_joseph, uniq_pikel
D:8:      layout_basic, slow_altar_1, hangedman_ranch, uniq_prince_ribbit1,
          uniq_grum, uniq_maggie, uniq_psyche
D:9:      layout_basic, grunt_dithmenos_shadows,
          chequers_temple_overflow_statue_of_worship,
          gammafunk_ghost_nasty_kobolds, grunt_potential
D:10:     layout_basic, uniq_snorg
D:11:     layout_basic, erik_lair_island, orc_0_dummy
Temple:   nicolae_temple_figure_eight
Lair:1:   layout_hall_layers, gauntlet_entry_generic, special_room
          [special_room_bee], minivault_11, nicolae_quartered_pool_super,
          serial_bayou_shore_a
Gauntlet: minmay_gauntlet_77_indecision
          [minmay_gauntlet_arena_77_chump_sandwich,
          minmay_gauntlet_arena_77_shame_cube,
          minmay_gauntlet_arena_77_checkered, minmay_gauntlet_arena_77_fan,
          minmay_gauntlet_arena_77_mirror, minmay_gauntlet_arena_77_mess,
          gauntlet_exit_watery]

Skill      XL: |  1  2  3  4  5  6  7  8  9 10 11 12 13 |
---------------+----------------------------------------+-----
Axes           | 2 3 4 5 6 8 9 10 12 13 | 13.8
Shields        | 4 6 7 10 11 13 | 13.9
Armour         | 4 5 6 7 8 9 |  9.0
Dodging        | 1 2 3 4 |  4.3
Fighting       | 4 5 6 8 |  8.6
Invocations    | 3 4 5 6 |  6.2

Action                   |  1- 3 |  4- 6 |  7- 9 | 10-12 | 13-15 || total
-------------------------+-------+-------+-------+-------+-------++-------
Melee: War axe           |   130 |   142 |   389 |   496 |    54 ||  1211
       Spear             |       |       |   121 |     8 |       ||   129
Throw: Stone             |       |       |     5 |       |       ||     5
Invok: Recall Ancestor   |       |       |       |     6 |       ||     6
       Ancestor Life: Kn |       |       |       |     1 |       ||     1
  Use: Scroll            |       |     5 |     6 |     8 |       ||    19
       Potion            |       |       |     3 |       |     1 ||     4
 Stab: Sleeping          |       |     4 |     8 |     4 |       ||    16
       Distracted        |       |       |     1 |     8 |     1 ||    10
       Invisible         |       |       |     1 |       |       ||     1
Armor: Scale mail        |    86 |    16 |       |       |       ||   102
       Leather armour    |       |    45 |   141 |   149 |    14 ||   349
Dodge: Dodged            |    83 |    53 |   134 |   197 |    12 ||   479
Block: Buckler           |    34 |     7 |       |       |       ||    41
       Kite shield       |       |    70 |   204 |   316 |    26 ||   616
